AoeStats
← ThunderboltX

Arabia

509660110Analyzed
1v1 RM · 5d ago on Sep 27, 2026· 36m 15s· 2 players
Game mode
Random Map
Map size
Tiny (2 player)
Population
200
Speed
Normal
Resources
Standard
Victory
Conquest
Starting age
Dark Age
Ending age
Imperial Age
RankedLock teamsTeams togetherTeam positionsShared explorationLock speedFull tech treeHidden civsTurbo modeCheats
Victory
Defeat
🇧🇬 Persians · Bulgaria
2425
+21
🇨🇱 Byzantines · Chile
2526
-21
ThunderboltX
8:24 Feudal Age
8:15 Loom
9:14 Double-Bit Axe
9:41 Horse Collar
18:15 Wheelbarrow
21:22 Castle Age
20:27 Forging
20:18 Fletching
20:47 Bloodlines
20:41 Gold Mining
21:00 Padded Archer Armor
21:20 Forging
21:52 Bodkin Arrow
21:35 Crossbowman
24:19 Husbandry
26:03 Padded Archer Armor
28:30 Iron Casting
28:03 Scale Barding Armor
31:34 Padded Archer Armor
32:27 Town Watch
33:45 Ballistics
34:03 Parthian Tactics
36:25 Gold Shaft Mining
35:40 Stone Mining
HR Whitecourt
6:41 Loom
8:51 Feudal Age
9:22 Double-Bit Axe
9:36 Horse Collar
20:05 Castle Age
19:14 Forging
21:11 Bow Saw
21:55 Husbandry
32:33 Scale Barding Armor
36:14 Ballistics
36:35 Chain Barding Armor
Connection lost

Rejoining the realm…

Still unreachable

The connection could not be restored.

Session expired

The server has moved on; the page needs a fresh start.